 Dungeon Crawl Stone Soup version 0.23-a0-309-ge7838e6b1f (webtiles) character file.

45 PikkenKukken the Skirmisher (level 3, -2/29 HPs)
             Began as a Demonspawn Fighter on Oct 11, 2018.
             Slain by Terence
             ... wielding a cursed -1 mace
              (4 damage)
             ... on level 2 of the Dungeon.
             The game lasted 00:01:29 (1107 turns).

PikkenKukken the Skirmisher (Demonspawn Fighter)    Turns: 1107, Time: 00:01:29

Health: -2/29      AC: 11    Str: 22    XL:     3   Next: 42%
Magic:  3/3        EV:  4    Int:  9    God:
Gold:   86         SH:  9    Dex: 12    Spells: 2/2 levels left

rFire    . . .     SeeInvis .   a - +0 trident
rCold    . . .     Gourm    .   c - +0 shield
rNeg     . . .     Faith    .   h - +0 plate armour
rPois    .         Spirit   .   (no helmet)
rElec    .         Reflect  .   (no cloak)
rCorr    .         Harm     .   (no gloves)
MR       .....                  (no boots)
Stlth    ..........             (no amulet)
HPRegen  0.09/turn              (no ring)
MPRegen  0.08/turn              (no ring)

@: mighty
A: spiny 1
a: no special abilities


You were on level 2 of the Dungeon.
You were not hungry.

You visited 1 branch of the dungeon, and saw 2 of its levels.

You collected 86 gold pieces.

Inventory:

Hand Weapons
 a - a +0 trident (weapon)
Armour
 c - a +0 shield (worn)
 h - a +0 plate armour (worn)
Potions
 b - a potion of curing {unknown}
 e - a potion of brilliance {unknown}
Comestibles
 f - 4 rations
 g - 2 chunks of flesh


   Skills:
 + Level 3.2 Fighting
 * Level 2.5 Polearms
 + Level 2.9 Armour
 + Level 0.8 Dodging
 + Level 3.0 Shields


You had 2 spell levels left.
You didn't know any spells.
Your spell library was empty.

Dungeon Overview and Level Annotations

Branches:
Dungeon (2/15)

Altars:

Annotations:
D:2 Terence


Innate Abilities, Weirdness & Mutations

You are partially covered in sharp spines.


Message History

Terence is severely wounded.
Terence hits you with an enchanted mace.
* * * LOW HITPOINT WARNING * * *
Terence hits you with an enchanted mace.
* * * LOW HITPOINT WARNING * * *
Your plate armour prevents you from hitting Terence.
Terence is severely wounded.
Terence is no longer unusually agile.
Terence hits you but does no damage.
Your shield and plate armour prevent you from hitting Terence.
Terence is severely wounded.
Terence hits you with an enchanted mace.
* * * LOW HITPOINT WARNING * * *
You closely miss Terence.
Terence is severely wounded.
Terence says, "Time to say good-bye..."
You block Terence's attack.
You barely miss Terence.
Terence is severely wounded.
Terence hits you with an enchanted mace.
You die...

#. ..# #.# #. ..# #.#
#.####.######.#
#...........#.############
#...##.# #...........)..#
#...##.######.##########.####
#.............# #.........
#..$##.#############.###.####
#..........@@...#......#.#
###.##.########.##(#.#.#.#
#..#.# #.#.#.#.# ##.#.#
#.#.#.#.#### .#.#
#.#...#.#... ...#
#.#####.#.## #..#
#........... .># #######.#.#.
#.#.#.


You could see Terence.

Vanquished Creatures
  An iguana (D:2)
  A leopard gecko (D:1)
  A ball python (D:1)
  4 goblins (D:1)
  4 hobgoblins
  2 kobolds (D:1)
  3 bats (D:1)
  3 rats (D:1)
19 creatures vanquished.

Notes
Turn   | Place    | Note
-------+----------+-------------------------------------------
     0 | D:1      | PikkenKukken the Demonspawn Fighter began the quest for the
                  | Orb.
     0 | D:1      | Reached XP level 1. HP: 18/18 MP: 1/1
   486 | D:1      | Gained mutation: You are partially covered in sharp spines.
                  | [demonic ancestry]
   486 | D:1      | Reached XP level 2. HP: 24/24 MP: 2/2
  1072 | D:2      | Noticed Terence
  1098 | D:2      | Reached XP level 3. HP: 11/29 MP: 3/3
  1105 | D:2      | HP: 1/29 [Terence/enchanted mace (5)]
  1107 | D:2      | Slain by Terence

Vault maps used:
D:1:      evilmike_arrival_crescent
D:2:      uniq_terence

Skill      XL: |  1  2 |
---------------+-------+-----
Polearms       | 2 |  2.5
Shields        | 3 |  3.0
Fighting       | |  3.2
Armour         | |  2.9
Dodging        | |  0.8

Action                   || total
-------------------------++-------
Melee: Trident           ||    87
  Use: Scroll            ||     3
       Potion            ||     1
  Eat: Chunk             ||     1
Armor: Plate armour      ||    36
       Scale mail        ||     1
Dodge: Dodged            ||     5
Block: Shield            ||    30

Table legend:
 A = Non-vault XP
 B = Vault XP
 C = Vault XP percentage of total XP
 D = Non-vault monster count
 E = Vault monster count
 F = Vault count percentage of total count
                 A         B        C        D         E       F
            +---------+---------+-------+---------+---------+-------
      Total |      65 |       0 |   0.0 |      19 |       0 |   0.0
            +---------+---------+-------+---------+---------+-------
        D:1 |      26 |       0 |   0.0 |      17 |       0 |   0.0
        D:2 |      39 |       0 |   0.0 |       2 |       0 |   0.0
            +---------+---------+-------+---------+---------+-------
